 Dungeon Crawl Stone Soup version 0.31.0-4-g52a2dc7128 (webtiles) character file.

Game seed: 14383835679128492281

1780 Sweeb the Shield-Bearer (level 9, -6/61 HPs)
             Began as an Octopode Fighter on Jan 23, 2024.
             Was an Initiate of Makhleb.
             Engulfed by a steam dragon's steam (9 damage)
             ... on level 6 of the Dungeon.
             The game lasted 00:06:25 (4335 turns).

Sweeb the Shield-Bearer (Octopode Fighter)          Turns: 4335, Time: 00:06:26

Health: -6/61      AC:  1    Str: 17    XL:     9   Next: 8%
Magic:  10/10      EV: 14    Int: 11    God:    Makhleb [......]
Gold:   255        SH: 13    Dex: 13    Spells: 8/8 levels left

rFire   . .          .
                       - Unarmed
rCold   . . .        a - +3 buckler
rNeg    . . .        (helmet restricted)
rPois   .            l - amulet of reflection
rElec   .            (no ring)
rCorr   .            (no ring)
SInv    .            (no ring)
Will    .....        (no ring)
Stlth   ++++         (no ring)
HPRegen 0.30/turn    (no ring)
MPRegen 0.12/turn    (no ring)
                     (no ring)

%: reflection
@: no status effects
A: almost no armour, amphibious, 8 rings, camouflage 1, gelatinous body 1,
(nimble swimmer 1), tentacles
a: Renounce Religion


You were on level 6 of the Dungeon.
You worshipped Makhleb.
Makhleb was noncommittal.
You visited 2 branches of the dungeon, and saw 7 of its levels.

You collected 255 gold pieces.

Inventory:

Armour
 a - a +3 buckler (worn)
Jewellery
 l - an amulet of reflection (around mantle)
Wands
 k - a wand of polymorph (9)
Scrolls
 c - a scroll of teleportation
Potions
 d - 3 potions of might
 f - 3 potions of attraction
 g - a potion of curing
 h - a potion of magic {unknown}
 i - a potion of haste
 j - a potion of lignification {unknown}


   Skills:
 + Level 5.3 Fighting
 + Level 5.3 Dodging
 + Level 5.8 Stealth
 + Level 6.4 Shields
 * Level 6.3 Unarmed Combat
 + Level 1.5 Invocations


You had 8 spell levels left.
You didn't know any spells.
Your spell library contained the following spells:

 Spells                   Type           Power      Damage    Failure   Level
 Call Canine Familiar     Summ           0%         N/A       78%         3
 Sigil of Binding         Hex            0%         N/A       78%         3
 Summon Ice Beast         Ice/Summ       0%         N/A       78%         3
 Dimensional Bullseye     Hex/Tloc       0%         N/A       99%         4
 Summon Mana Viper        Hex/Summ       0%         N/A       100%        5
 Monstrous Menagerie      Summ           0%         N/A       100%        7


Dungeon Overview and Level Annotations

Branches:
Dungeon (6/15)             Temple (1/1) D:6

Altars:
Ashenzari
Dithmenos
Elyvilon
Fedhas
Gozag
Hepliaklqana
Makhleb
Nemelex Xobeh
Okawaru
Qazlal
Ru
Trog
Uskayaw
Vehumet
Xom
Yredelemnul
Zin


Innate Abilities, Weirdness & Mutations

You cannot wear most types of armour.
You are amphibious.
You can wear up to eight rings at the same time.
Your skin changes colour to match your surroundings (Stealth+).
Your rubbery body absorbs attacks. (AC +1, EV +1)
((You are camouflaged when in or above water. (Stealth+)))
You have tentacles for arms and can constrict up to eight enemies at once.


Message History

You bludgeon the steam dragon! You squeeze the steam dragon.
The steam dragon is heavily wounded.
You are engulfed in a cloud of scalding steam.
You block the steam dragon's attack. The steam dragon claws you.
You closely miss the steam dragon.
The steam dragon is heavily wounded.
You are engulfed in a cloud of scalding steam.
The steam dragon breathes steam at you. The ball of steam hits you!
* * * LOW HITPOINT WARNING * * *
You are too injured to fight recklessly!
You are too injured to fight recklessly!
You feel much better. The steam dragon closely misses you.
The steam dragon misses you.
You closely miss the steam dragon.
You tentacle-slap the steam dragon, but do no damage.
The steam dragon is heavily wounded.
The steam dragon barely misses you. The steam dragon claws you.
You closely miss the steam dragon.
You squeeze the steam dragon, but do no damage.
The steam dragon is heavily wounded.
The steam dragon breathes steam at you. The ball of steam hits you!
* * * LOW HITPOINT WARNING * * *
You feel much better.
You are engulfed in a cloud of scalding steam.
The steam dragon completely misses you. The steam dragon claws you.
* * * LOW HITPOINT WARNING * * *
You barely miss the steam dragon.
The steam dragon is heavily wounded.
You are engulfed in a cloud of scalding steam.
* * * LOW HITPOINT WARNING * * *
You block the steam dragon's attack.
The steam dragon claws you but does no damage.
The steam dragon breathes steam at you. The ball of steam misses you.
This is a scroll of acquirement!
Something appears before you!
You are engulfed in a cloud of scalding steam.
You die...

# #.#.#..#
#.#.#.#..#
#.>......###.##.#
.....#.........>#
##.#....###.####
# #.#.##
...#.#.#.# #
..>..§...####.#
...#...§§.@§D.#
###!######## #)
#. #. #. #.


You could see a steam dragon (catching breath).

Vanquished Creatures
  Pikel (D:5)
  A troll (D:5)
  Eustachio (D:6)
  2 black bears
  3 lemures (D:5)
  Blork the orc (D:4)
  3 scorpions
  A bombardier beetle (D:3)
  2 hounds (D:6)
  An orc priest (D:6)
  A jelly (D:5)
  3 sleepcaps
  Terence (D:3)
  2 iguanas
  An orc wizard (D:6)
  A gnoll (D:1)
  10 adders
  2 ufetubi (D:5)
  4 dart slugs
  A ribbon worm (D:2)
  3 orcs
  8 ball pythons
  6 bats
  10 endoplasms
  6 giant cockroaches
  11 goblins
  11 hobgoblins
  2 quokkas
  5 frilled lizards
  7 kobolds
  6 rats
117 creatures vanquished.

Notes
Turn   | Place    | Note
-------+----------+-------------------------------------------
     0 | D:1      | Sweeb the Octopode Fighter began the quest for the Orb.
     0 | D:1      | Reached XP level 1. HP: 16/16 MP: 1/1
   119 | D:1      | Reached XP level 2. HP: 21/21 MP: 2/2
   274 | D:1      | Reached skill level 1 in Stealth
   274 | D:1      | Reached XP level 3. HP: 20/26 MP: 3/3
   765 | D:2      | Reached XP level 4. HP: 29/31 MP: 4/4
  1717 | D:3      | Reached XP level 5. HP: 36/36 MP: 5/5
  1935 | D:3      | Noticed Terence
  1953 | D:3      | Killed Terence
  2166 | D:4      | Noticed Blork the orc
  2175 | D:4      | Killed Blork the orc
  2176 | D:4      | Reached XP level 6. HP: 23/43 MP: 0/6
  2302 | D:4      | Noticed a black bear
  2308 | D:4      | Killed a black bear
  2733 | D:4      | Reached XP level 7. HP: 48/48 MP: 7/7
  2889 | D:5      | Entered Level 5 of the Dungeon
  3105 | D:5      | Noticed a troll
  3112 | D:5      | Killed a troll
  3113 | D:5      | Reached skill level 5 in Shields
  3292 | D:5      | Noticed Pikel
  3528 | D:5      | Killed Pikel
  3529 | D:5      | Reached skill level 5 in Stealth
  3529 | D:5      | Reached skill level 5 in Unarmed Combat
  3529 | D:5      | Reached XP level 8. HP: 54/54 MP: 8/8
  3664 | D:5      | Reached skill level 5 in Dodging
  3944 | D:6      | Found a staircase to the Ecumenical Temple.
  3954 | Temple   | Entered the Ecumenical Temple
  3971 | Temple   | Became a worshipper of Makhleb the Destroyer
  4048 | D:6      | Reached skill level 5 in Fighting
  4102 | D:6      | Noticed Eustachio
  4112 | D:6      | Killed Eustachio
  4113 | D:6      | Reached skill level 1 in Invocations
  4118 | D:6      | Reached XP level 9. HP: 42/61 MP: 9/9
  4333 | D:6      | HP: 2/61 [steam dragon] (12)]
  4335 | D:6      | Identified a scroll of acquirement
  4335 | D:6      | Acquired the +2 hat "Nistrez" {+Inv Regen+}
  4335 | D:6      | Engulfed by a steam dragon's steam

Illustrated notes

Levels and vault maps discovered:
D:1:      minmay_arrival_shoal_huts, layout_rooms
D:2:      layout_basic, minmay_goblin_kobold_house
D:3:      layout_loops_cross, uniq_terence
D:4:      layout_loops_ring, grunt_ministairs_4, uniq_blork_the_orc
D:5:      layout_basic, serial_curves, eino_curves_02, eino_curves_02,
          eino_curves_04, eino_curves_03, uniq_pikel
D:6:      minmay_angry_zag, layout_loops_ring, nicolae_wu_jian_wuxing_cycle,
          minmay_temple_entry_mist, minmay_misc_feat_x, kb_rosetta,
          uniq_eustachio, uniq_crazy_yiuf_cottage
Temple:   sentei_temple_godly_chess

Skill      XL: |  1  2  3  4  5  6  7  8 |
---------------+-------------------------+-----
Stealth        | 1 2 3 5 |  5.8
Unarmed Combat | 3 4 5 6 |  6.3
Shields        | 4 5 6 |  6.4
Dodging        | 4 5 |  5.3
Fighting       | 4 5 |  5.3
Invocations    | 1 |  1.5

Action                     |  1- 3 |  4- 6 |  7- 9 || total
---------------------------+-------+-------+-------++-------
  Melee: Unarmed           |    67 |   133 |   128 ||   328
         Tentacles         |    14 |    33 |    40 ||    87
         Constrict         |    16 |    41 |    23 ||    80
         Punch             |     1 |     9 |    10 ||    20
    Use: Scroll            |     6 |     4 |     6 ||    16
         Potion            |     1 |       |     4 ||     5
   Stab: Sleeping          |     5 |    15 |     7 ||    27
         Invisible         |       |       |     3 ||     3
 Armour: Skin              |    24 |    30 |    52 ||   106
  Dodge: Dodged            |    35 |    66 |    46 ||   147
  Block: Buckler           |     8 |    33 |    72 ||   113
